 Dungeon Crawl Stone Soup version 0.21.0-3-g78d12a8 (webtiles) character file.

42 DogShitOnMyToe the Ruffian (level 3, -3/31 HPs)
             Began as a Naga Transmuter on Jan 12, 2018.
             Slain by a gnoll
             ... wielding a +0 club
              (6 damage)
             ... on level 2 of the Dungeon.
             The game lasted 00:03:17 (1310 turns).

DogShitOnMyToe the Ruffian (Naga Transmuter)        Turns: 1310, Time: 00:03:17

Health: -3/31      AC:  3    Str: 12    XL:     3   Next: 56%
Magic:  6/6        EV: 10    Int: 14    God:
Gold:   27         SH:  0    Dex: 11    Spells: 0/6 levels left

rFire    . . .     SeeInvis +   f - +0 short sword (venom)
rCold    . . .     Gourm    .   (no shield)
rNeg     . . .     Faith    .   b - +0 robe
rPois    +         Spirit   .   (no helmet)
rElec    .         Reflect  .   g - +0 cloak
rCorr    .         Harm     .   (no gloves)
MR       .....                  (no barding)
Stlth    +.........             (no amulet)
HPRegen  0.10/turn              (no ring)
MPRegen  0.10/turn              (no ring)

@: short of breath, very slow
A: large, see invisible, deformed body, poison resistance, slowness 2, slow
metabolism 1, spit poison 1, AC +1
a: Spit Poison


You were on level 2 of the Dungeon.
You were hungry.

You visited 1 branch of the dungeon, and saw 2 of its levels.

You collected 27 gold pieces.

Inventory:

Hand Weapons
 f - a +0 short sword of venom (weapon)
Missiles
 a - 37 stones
 e - 6 tomahawks (quivered)
 z - 12 arrows
Armour
 b - a +0 robe (worn)
 g - a +0 cloak (worn)
Scrolls
 c - a scroll of identify {unknown}
 h - a scroll of amnesia {unknown}
Books
 A - a book of Changes

   Spells                             Type                      Level
   a - Beastly Appendage              Transmutation                1
   b - Sticks to Snakes               Transmutation                2
   c - Spider Form                    Transmutation/Poison         3
   d - Ice Form                       Ice/Transmutation            4
   e - Blade Hands                    Transmutation                5
Comestibles
 d - 3 rations


   Skills:
 - Level 1.0 Fighting
 - Level 1.5 Dodging
 - Level 4.0 Unarmed Combat
 - Level 2.0 Spellcasting
 + Level 2.7 Transmutations


You couldn't memorise any spells.
You knew the following spells:

 Your Spells              Type           Power        Failure   Level  Hunger
a - Beastly Appendage     Tmut           #.....       8%          1    ##.....
b - Sticks to Snakes      Tmut           #.......     12%         2    ###....
c - Spider Form           Tmut/Pois      #.........   38%         3    ####...


Dungeon Overview and Level Annotations

Branches:
Dungeon (2/15)

Altars:


Innate Abilities, Weirdness & Mutations

You cannot wear boots.
Your serpentine skin is tough. (AC +1)
You have supernaturally acute eyesight. (SInv)
Armour fits poorly on your strangely shaped body.
Your system is resistant to poisons. (rPois)
You cover ground very slowly.
You have a slow metabolism.
You can spit poison.


Message History

Aim: a gnoll, wielding a spear You throw a tomahawk.
The tomahawk barely misses the gnoll.
The tomahawk hits the gnoll but does no damage.
The gnoll closely misses you.
Press: ? - help, Shift-Dir - straight line, f/p - gnoll
Aim: a gnoll, wielding a spear The splash of poison hits the gnoll.
The gnoll is severely wounded.
You feel slightly more hungry. The gnoll hits you with a spear.
* * * LOW HITPOINT WARNING * * *
You barely miss the gnoll.
The gnoll is severely wounded.
The gnoll barely misses you. The gnoll hits you with a club.
* * * LOW HITPOINT WARNING * * *
You hit the gnoll.
The gnoll is poisoned.
The gnoll is almost dead.
The gnoll hits you with a spear!
* * * LOW HITPOINT WARNING * * *
The gnoll hits you with a club.
You die...

#. #. #. # ###.### #.
..... .. #... .#
#.g##..#(.#
#..@gg....#
#..##b.#.## ##+# #..#
.# ##...## ##..###.#
##.....## #.......#.
##.......## #.........
#.........###....##.##
+.........'.†.....# #
#.........###.......#


You could see 3 gnolls and a bat.

Vanquished Creatures
  An ooze (D:1)
  A worm (D:2)
  2 dart slugs (D:1)
  A leopard gecko (D:1)
  2 giant cockroaches (D:1)
  A goblin (D:1)
  7 hobgoblins (D:1)
  A kobold (D:1)
  A quokka (D:2)
  2 bats (D:1)
  A frilled lizard (D:2)
  10 rats
30 creatures vanquished.

Notes
Turn   | Place    | Note
-------+----------+-------------------------------------------
     0 | D:1      | DogShitOnMyToe the Naga Transmuter began the quest for the Orb.
     0 | D:1      | Reached XP level 1. HP: 18/18 MP: 3/3
   209 | D:1      | Reached XP level 2. HP: 23/25 MP: 3/5
   243 | D:1      | HP: 12/25 [ooze (4)]
   245 | D:1      | HP: 3/25 [hobgoblin (5)]
   250 | D:1      | HP: 1/25 [hobgoblin (2)]
   728 | D:1      | Reached skill level 4 in Unarmed Combat
   787 | D:1      | Learned a level 2 spell: Sticks to Snakes
   803 | D:1      | Reached XP level 3. HP: 23/31 MP: 4/6
  1219 | D:1      | Learned a level 3 spell: Spider Form
  1309 | D:2      | HP: 11/31 [gnoll/club (6)]
  1310 | D:2      | HP: 3/31 [gnoll/spear (8)]
  1310 | D:2      | Slain by a gnoll

Skill      XL: |  1  2 |
---------------+-------+-----
Unarmed Combat | 4 |  4.0
Fighting       | |  1.0
Dodging        | |  1.5
Spellcasting   | |  2.0
Transmutations | |  2.7

Action                   || total
-------------------------++-------
Melee: Unarmed           ||    73
       Headbutt          ||    10
       Punch             ||     3
       Short sword       ||    15
Throw: Tomahawk          ||     1
 Cast: Beastly Appendage ||    16
 Abil: Spit Poison       ||     1
 Stab: Sleeping          ||     1
Armor: Robe              ||    20
Dodge: Dodged            ||    54
